 Dungeon Crawl Stone Soup version 0.30.1 (webtiles) character file.

Game seed: 3793461163316460571

16657 Peloso the Carver (level 12, 0/108 HPs)
             Began as a Minotaur Fighter on July 6, 2023.
             Was an Elder of Okawaru.
             Slain by a sixfirhy (12 damage)
             ... in a Gauntlet.
             The game lasted 00:26:12 (15879 turns).

Peloso the Carver (Minotaur Fighter)               Turns: 15879, Time: 00:26:14

Health: 0/108      AC: 18    Str: 27    XL:     12   Next: 12%
Magic:  12/12      EV:  9    Int:  5    God:    Okawaru [****..]
Gold:   743        SH:  7    Dex: 17    Spells: 11/11 levels left

rFire   . . .        a - +0 long sword
rCold   . . .        d - +0 buckler
rNeg    . . .        C - +1 plate armour
rPois   .            A - +0 hat "Basch" {Will+ Str+4 Dex+4}
rElec   .            (no cloak)
rCorr   .            E - +0 pair of gloves
SInv    .            (no boots)
Will    +....        (no amulet) Stlth
                     p - ring of flight
HPRegen 0.38/turn    (no ring)
MPRegen 0.13/turn

%: no teleportation
@: mighty, flying, hasted, very quick
A: horns 2, retaliatory headbutt
a: Renounce Religion, Heroism, Finesse


You were in a Gauntlet.
You worshipped Okawaru.
Okawaru was greatly pleased with you.
You visited 3 branches of the dungeon, and saw 13 of its levels.
You also visited: Gauntlet.

You collected 801 gold pieces.
You spent 58 gold pieces at shops.

Inventory:

Hand Weapons
 a - a +0 long sword (weapon)
 c - the +1 short sword "Inoysma" {elec, +Blink Str+5}
   (You found it on level 5 of the Dungeon)

   Str:       It affects your strength (+5).
   +Blink:    It lets you blink.
Armour
 d - a +0 buckler (worn)
 A - the +0 hat "Basch" (worn) {Will+ Str+4 Dex+4}
   (You acquired it on level 1 of the Lair of Beasts)

   Str:       It affects your strength (+4).
   Dex:       It affects your dexterity (+4).
   Will:      It increases your willpower.
 C - a +1 plate armour (worn)
 E - a +0 pair of gloves (worn)
Magical Staves
 b - the staff of fire "Rymp" {Fly rPois rF+ Will- SInv}
   (You found it on level 4 of the Dungeon)

   [staff of fire]

   Base accuracy: +5 Base damage: 5 Base attack delay: 1.2 This weapon's minimum
   attack delay (0.6) is reached at skill level 12.
   rF:        It protects you from fire.
   rPois:     It protects you from poison.
   SInv:      It lets you see invisible.
   Fly:       It grants you flight.
   Will:      It decreases your willpower.
   It falls into the 'Staves' category.
   It is a one-handed weapon.
Jewellery
 p - a ring of flight (left hand)
 J - a ring of poison resistance
Wands
 e - a wand of digging (19)
 i - a wand of quicksilver (12)
 s - a wand of mindburst (18)
 t - a wand of iceblast (12)
Scrolls
 f - 8 scrolls of teleportation
 g - a scroll of blinking
 h - 2 scrolls of noise
 j - 6 scrolls of fog
 m - 2 scrolls of enchant armour
 n - 3 scrolls of immolation
 o - a scroll of brand weapon
 v - a scroll of silence
 w - a scroll of acquirement
 y - 3 scrolls of identify
 B - 2 scrolls of enchant weapon
 D - 2 scrolls of vulnerability
 F - a scroll of fear
 G - a scroll of butterflies
 H - a scroll of amnesia
 I - 2 scrolls of poison
Potions
 k - a potion of berserk rage
 q - 2 potions of cancellation
 r - 4 potions of curing
 u - a potion of ambrosia
 x - 2 potions of might
 z - 2 potions of resistance


   Skills:
 + Level 10.8 Fighting
 + Level 14.2 Long Blades
 + Level 12.9 Armour
 + Level 3.6 Dodging
 + Level 2.1 Stealth
 + Level 9.5 Shields
 + Level 1.5 Invocations
 + Level 1.5 Evocations


You had 11 spell levels left.
You didn't know any spells.
Your spell library contained the following spells:

 Spells                   Type           Power      Damage    Failure   Level
 Apportation              Tloc           0%         N/A       99%         1
 Kiss of Death            Conj/Necr      0%         2d5       99%         1
 Magic Dart               Conj           0%         1d3       99%         1
 Necrotise                Necr           0%         1d4       99%         1
 Slow                     Hex            0%         N/A       99%         1
 Searing Ray              Conj           0%         2d4       100%        2
 Confusing Touch          Hex            0%         N/A       100%        3
 Portal Projectile        Hex/Tloc       0%         N/A       100%        3
 Stone Arrow              Conj/Erth      0%         3d7       100%        3
 Vampiric Draining        Necr           0%         2d6       100%        3
 Vhi's Electric Charge    Tloc/Air       0%         N/A       100%        3
 Dispel Undead            Necr           0%         3d6       100%        4
 Fulminant Prism          Conj/Hex       0%         3d5       100%        4
 Leda's Liquefaction      Hex/Erth       0%         N/A       100%        4
 Arcjolt                  Conj/Air       0%         1d10      100%        5
 Blade Hands              Tmut           0%         N/A       100%        5
 Lehudib's Crystal Spear  Conj/Erth      0%         10d2      100%        8
 Maxwell's Capacitive Co  Air            0%         ∞         100%        8
 Summon Small Mammal      Summ           Unusable   N/A       N/A         1
 Call Canine Familiar     Summ           Unusable   N/A       N/A         3
 Tukima's Dance           Hex            Unusable   N/A       N/A         3
 Animate Armour           Summ/Erth      Unusable   N/A       N/A         4

Dungeon Overview and Level Annotations

Branches:
Dungeon (11/15)            Temple (1/1) D:6            Lair (1/5) D:10
    Orc (0/2) D:9         Gauntlet (1/1)

Altars:
Dithmenos
Fedhas
Gozag
Hepliaklqana
Kikubaaqudgha
Nemelex Xobeh
Okawaru
Trog
Uskayaw
Xom
Zin
The Shining One

Shops:
D:3 *   D:5 (((   D:8 =   D:9 ((

Portals:
Trove: D:11 (give +2 shadow dragon scales)

Annotations:
D:3 2 transporters, engelados's ghost, amateur OpCj Gauntlet 11 transporters


Innate Abilities, Weirdness & Mutations

You have a pair of horns on your head.
You reflexively headbutt those who attack you in melee.


Message History

You feel very mighty all of a sudden.
The sixfirhy hits you but does no damage.
The sixfirhy barely misses you.
The sixfirhy hits you but does no damage.
You barely miss the sixfirhy. Your headbutt misses the sixfirhy.
The sixfirhy is lightly wounded.
You block the sixfirhy's attack.
You miss the sixfirhy.
The sixfirhy is lightly wounded.
The sixfirhy hits you but does no damage.
You block the sixfirhy's attack.
You barely miss the sixfirhy. Your headbutt misses the sixfirhy.
The sixfirhy is lightly wounded.
The sixfirhy hits you but does no damage.
You barely miss the sixfirhy.
The sixfirhy is lightly wounded.
You miss the sixfirhy. You headbutt the sixfirhy!!
The sixfirhy is severely wounded.
You closely miss the sixfirhy.
The sixfirhy is heavily wounded.
You slice the sixfirhy!!
You kill the sixfirhy!
Okawaru accepts your kill.
There is a transporter landing site, spattered with blood here.
You slash the sixfirhy! Your headbutt misses the sixfirhy.
The sixfirhy is moderately wounded.
The sixfirhy hits you! The sixfirhy shocks you!
* * * LOW HITPOINT WARNING * * *
The sixfirhy hits you.
* * * LOW HITPOINT WARNING * * *
The sixfirhy shocks you!
* * * LOW HITPOINT WARNING * * *
You block the sixfirhy's attack.
You feel better.
You feel like a meek peon again.
The sixfirhy hits you but does no damage.
The sixfirhy barely misses you. The sixfirhy hits you.
* * * LOW HITPOINT WARNING * * *
The sixfirhy shocks you!
You die...

########.....#.©.#.....##########
#.©.#........#...#........#.©.#..
#.8.#...8....#.©.#....8...#.8.#..
#.©.#.....###########.....#.©.#..
#######...#..[$©/...#...#########
.#©#!3#...##.##.##.##...#.=?©##.#
#.#.#.#...##.##.##.##...##!.##..#
#.#.#.#...##.#....#.#...###u#..u#
.#©#..#.8.###.##@##.#.8.#©##.##u#
#.#.#.#...###.##3##.#...#...#.###
#.#.#.#...#.....3...#...#..##..##
.#.#.3#...#.##.#...##...#G##G...#
#######...#3##.##.#.#...#########
..©.......###########.......©....
..8.....8......©......8.....8....
§.....§....§∩..8..∩...§...§§§.§§.
#≈#≈#≈#≈#..§..........#§#≈#§#≈#§#


You could see 2 sixfirhies.

Vanquished Creatures
  Snorg (D:10)
  Josephine (D:10)
  2 two-headed ogres (D:11)
  Nergalle (D:10)
  A sixfirhy (Gauntlet)
  Pikel (D:5)
  A manticore (D:10)
  A cyclops (D:10)
  A cane toad (Lair:1)
  2 kobold demonologists (D:10)
  A komodo dragon (D:9)
  A troll (D:10)
  3 polar bears (D:8)
  A hornet (D:10)
  Prince Ribbit (D:6)
  Sigmund (D:3)
  3 wraiths
  A vampire (D:8)
  3 wyverns
  2 shadows (D:11)
  20 yaks
  3 steam dragons
  5 water moccasins
  10 orc warriors
  2 sky beasts
  An ice beast (D:6)
  A black bear (D:10)
  2 ogres
  5 centaurs
  A lemure (D:5)
  6 kobold brigands
  4 bullfrogs
  2 scorpions
  A gnoll sergeant (D:8)
  9 wights
  3 howler monkeys (D:8)
  4 electric eels
  4 jellies (D:4)
  5 hounds
  4 orc priests
  A sleepcap (D:7)
  Jessica (D:2)
  Ijyb (D:4)
  4 iguanas
  8 orc wizards
  12 gnolls
  8 adders
  A shadow imp (D:8)
  5 white imps
  An ufetubus (D:8)
  3 worms
  3 dart slugs
  39 orcs
  8 endoplasms
  3 giant cockroaches (D:4)
  3 goblins
  10 hobgoblins
  2 jackals (D:1)
  33 kobolds
  4 quokkas
  5 ball pythons
  A frilled lizard (D:2)
  2 rats
279 creatures vanquished.

Notes
Turn   | Place    | Note
-------+----------+-------------------------------------------
     0 | D:1      | Peloso the Minotaur Fighter began the quest for the Orb.
     0 | D:1      | Reached XP level 1. HP: 19/19 MP: 0/0
    36 | D:1      | Reached XP level 2. HP: 21/27 MP: 1/1
   214 | D:1      | Reached XP level 3. HP: 29/33 MP: 2/2
   550 | D:2      | Noticed Jessica
   556 | D:2      | Killed Jessica
   751 | D:2      | Reached XP level 4. HP: 41/41 MP: 3/3
   873 | D:2      | Reached skill level 3 in Long Blades
   886 | D:2      | Found a faded altar of an unknown god.
  1470 | D:3      | Noticed a small abomination
  1618 | D:3      | Noticed Sigmund
  1642 | D:3      | Killed Sigmund
  1643 | D:3      | Reached skill level 5 in Fighting
  1643 | D:3      | Reached skill level 4 in Long Blades
  1643 | D:3      | Reached skill level 5 in Armour
  1643 | D:3      | Reached XP level 5. HP: 37/48 MP: 4/4
  1781 | D:3      | Found Xuinouvu's Assorted Antiques.
  1789 | D:3      | Bought a fizzy coppery potion for 18 gold pieces
  1789 | D:3      | Bought a scroll labelled HEEREKOYHE for 20 gold pieces
  1789 | D:3      | Bought a scroll labelled LADALI QOSO for 20 gold pieces
  1947 | D:3      | Noticed engelados's ghost (amateur OpCj)
  1956 | D:3      | Found a transporter.
  1971 | D:3      | Found a transporter.
  2283 | D:3      | Reached XP level 6. HP: 56/56 MP: 5/5
  2431 | D:4      | Reached skill level 5 in Long Blades
  2834 | D:4      | Reached skill level 1 in Dodging
  3015 | D:4      | Noticed Ijyb
  3026 | D:4      | Killed Ijyb
  3027 | D:4      | Reached XP level 7. HP: 52/61 MP: 6/6
  3120 | D:4      | Reached skill level 6 in Long Blades
  3446 | D:4      | Identified the staff of fire "Rymp" {Fly rPois rF+ Will-
                  | SInv}
  3750 | D:5      | Entered Level 5 of the Dungeon
  3751 | D:5      | Identified the +0 ring mail of the Hidden Vale {-Tele rC+
                  | Regen+ rCorr}
  3770 | D:5      | Reached skill level 5 in Shields
  4062 | D:5      | Identified the +1 short sword "Inoysma" {elec, +Blink
                  | Str+5}
  4156 | D:5      | Found Opixkid's Weapon Shoppe.
  4186 | D:5      | Found Disievusm's Antique Weapon Boutique.
  4188 | D:5      | Found Cuci's Weapon Shoppe.
  4316 | D:4      | Reached skill level 7 in Long Blades
  4662 | D:5      | Reached XP level 8. HP: 70/70 MP: 7/7
  5150 | D:5      | Noticed Pikel
  5168 | D:5      | Killed Pikel
  5169 | D:5      | Reached skill level 8 in Long Blades
  5169 | D:5      | Reached skill level 1 in Stealth
  6395 | D:6      | Identified the +3 leather armour "Gago" {+Inv Int+4}
  6456 | D:6      | Found a staircase to the Ecumenical Temple.
  6462 | Temple   | Entered the Ecumenical Temple
  6626 | Temple   | Became a worshipper of Warmaster Okawaru
  6823 | D:6      | Reached XP level 9. HP: 59/78 MP: 8/8
  7611 | D:7      | Reached skill level 9 in Long Blades
  7701 | D:7      | Noticed Prince Ribbit
  7734 | D:6      | Killed Prince Ribbit
  7734 | D:6      | Reached * piety under Okawaru
  8982 | D:8      | Found Sustecok's Superlative Supplies.
  9299 | D:8      | Noticed a polar bear
  9309 | D:8      | Killed a polar bear
  9309 | D:8      | Reached ** piety under Okawaru
  9310 | D:8      | Reached skill level 10 in Long Blades
  9358 | D:8      | Reached skill level 1 in Evocations
  9518 | D:8      | Reached skill level 10 in Armour
  9666 | D:8      | Reached XP level 10. HP: 40/88 MP: 9/9
  9844 | D:8      | Found Onahoj's Jewellery Boutique.
 10772 | D:9      | Reached skill level 11 in Long Blades
 10786 | D:9      | Reached *** piety under Okawaru
 11180 | D:9      | Found Sistror's Weapon Shop.
 11180 | D:9      | Found a staircase to the Orcish Mines.
 11677 | D:9      | Found Bozya's Antique Weapon Emporium.
 12082 | D:10     | Entered Level 10 of the Dungeon
 12090 | D:10     | Noticed Nergalle
 12331 | D:10     | Killed Nergalle
 12332 | D:10     | Reached skill level 12 in Long Blades
 12458 | D:10     | Found a staircase to the Lair.
 12733 | D:10     | Reached XP level 11. HP: 97/97 MP: 6/10
 12867 | D:10     | Noticed Snorg
 12888 | D:10     | Killed Snorg
 13232 | D:10     | Found a glowing silver altar of Zin.
 13274 | D:10     | Reached **** piety under Okawaru
 13401 | D:10     | Found an ancient bone altar of Kikubaaqudgha.
 13810 | D:11     | Reached skill level 10 in Fighting
 13906 | D:11     | Noticed Josephine
 13938 | D:10     | Killed Josephine
 13940 | D:10     | Reached skill level 13 in Long Blades
 14152 | D:11     | Noticed a two-headed ogre
 14160 | D:11     | Killed a two-headed ogre
 14487 | D:10     | Reached skill level 1 in Invocations
 14493 | D:11     | Noticed a two-headed ogre
 14503 | D:11     | Killed a two-headed ogre
 14988 | D:10     | Reached ***** piety under Okawaru
 15377 | D:11     | Found a portal to a secret trove of treasure.
 15432 | Lair:1   | Entered Level 1 of the Lair of Beasts
 15463 | Lair:1   | Identified 2 scrolls of acquirement
 15531 | Lair:1   | Reached skill level 14 in Long Blades
 15531 | Lair:1   | Reached XP level 12. HP: 89/108 MP: 9/11
 15631 | Lair:1   | Found a gate leading to a gauntlet.
 15650 | Gauntlet | Entered a Gauntlet
 15650 | Gauntlet | Found a transporter.
 15653 | Gauntlet | Found a transporter.
 15654 | Gauntlet | Found a transporter.
 15655 | Gauntlet | Found a transporter.
 15658 | Gauntlet | Found a transporter.
 15659 | Gauntlet | Found a transporter.
 15663 | Gauntlet | Noticed a death scarab
 15670 | Gauntlet | Found a transporter.
 15670 | Gauntlet | Noticed a catoblepas
 15670 | Gauntlet | Noticed a death scarab
 15675 | Gauntlet | Found a transporter.
 15764 | Gauntlet | Found a transporter.
 15766 | Gauntlet | Found a transporter.
 15770 | Gauntlet | Found a transporter.
 15781 | Gauntlet | Found a transporter.
 15844 | Gauntlet | Acquired the +0 hat "Basch" {Will+ Str+4 Dex+4}
 15879 | Gauntlet | Slain by a sixfirhy

Illustrated notes

Levels and vault maps discovered:
D:1:      doesnt_arrival_eight_statues, layout_rooms
D:2:      layout_basic, chequers_ecumenical_altar_simple_redux, kennysheep_nub,
          uniq_jessica
D:3:      layout_loops_corners, gammafunk_ghost_abyssal_escape, serial_shops,
          shop, uniq_sigmund
D:4:      minmay_octagon_keep, layout_basic, dk_vineyard_3, solitary_fountain,
          minmay_quadrilaterals, uniq_ijyb
D:5:      layout_layer_cave, hangedman_decor_clover_reticule, minivault_5,
          nicolae_wooded_promenade, st_stairs_5, uniq_pikel
D:6:      layout_layer_cave, minmay_temple_entry_wispy
D:7:      layout_basic, minmay_misc_feat_cross, uniq_prince_ribbit1
D:8:      layout_basic, serial_shops, shop, serial_ice, serial_ice_f,
          serial_ice_k, serial_ice_d, serial_ice_h, nicolae_alphabet_shops
D:9:      layout_basic, orc_david_3, serial_shops, nicolae_lakefront_shop,
          minmay_orc_keep
D:10:     layout_loops_ring, amethyst_overflow_temple_binary,
          grunt_lair_entry_orc_guard_hut, uniq_nergalle, uniq_snorg
D:11:     layout_cave_pools, enter_trove_3, minmay_misc_feat_chi, uniq_josephine
Temple:   mainiacjoe_temple_big_plus
Lair:1:   layout_small_grid, nicolae_volcano_entry_batcave,
          gauntlet_entry_generic, beast_lair_carwin_6,
          infiniplex_staircase_pool, serial_bayou_shore_a
Gauntlet: minmay_gauntlet_mixed_oops_all_seconds [minmay_gauntlet_arena_77_fan,
          gammafunk_gauntlet_arena_crates, minmay_gauntlet_arena_77_braids,
          nicolae_gauntlet_arena_flowing_pool,
          minmay_gauntlet_arena_77_hold_the_fort,
          gammafunk_gauntlet_arena_split_diamond, gauntlet_exit_green]

Skill      XL: |  1  2  3  4  5  6  7  8  9 10 11 |
---------------+----------------------------------+-----
Armour         | 4 5 6 8 10 11 12 | 12.9
Fighting       | 4 5 6 8 9 10 | 10.8
Shields        | 4 5 6 7 9 |  9.5
Long Blades    | 4 5 7 8 10 12 14 | 14.2
Dodging        | 1 3 |  3.6
Stealth        | 1 2 |  2.1
Evocations     | 1 |  1.5
Invocations    | 1 |  1.5

Action                     |  1- 3 |  4- 6 |  7- 9 | 10-12 || total
---------------------------+-------+-------+-------+-------++-------
  Melee: Long sword        |    59 |   109 |   416 |   598 ||  1182
         Headbutt          |     9 |    19 |    86 |   140 ||   254
 Invoke: Heroism           |       |       |       |    18 ||    18
  Evoke: Wand              |       |     2 |    11 |     4 ||    17
    Use: Scroll            |       |     6 |     3 |    15 ||    24
         Potion            |       |     3 |     1 |     7 ||    11
 Armour: Scale mail        |    32 |    47 |    62 |       ||   141
         Plate armour      |       |       |   136 |   316 ||   452
  Dodge: Dodged            |    35 |    50 |   184 |   239 ||   508
  Block: Buckler           |    17 |    24 |    79 |   195 ||   315
